 Dungeon Crawl Stone Soup version 0.32-a0-960-g3814254bd7 (webtiles) character file.

Game seed: 9327145339842857658

10600 Ajdolov the Frost Mage (level 11, -4/86 HPs)
             Began as a Mummy Ice Elementalist on Apr 17, 2024.
             Was an Initiate of Gozag.
             Slain by a freezing wraith (9 damage)
             ... on level 10 of the Dungeon.
             The game lasted 00:26:36 (10677 turns).

Ajdolov the Frost Mage (Mummy Ice Elementalist)    Turns: 10677, Time: 00:26:37

Health: -4/86      AC: 20    Str: 11    XL:     11   Next: 38%
Magic:  32/32      EV: 10    Int: 18    God:    Gozag
Gold:   580        SH:  0    Dex: 14    Spells: 16/26 levels left

rFire   . . .        y - +6 broad axe (flame)
rCold   + + .        (no shield)
rNeg    + + +        A - +2 leather armour {rF+}
rPois   ∞            g - +2 helmet
rElec   .            c - +2 cloak
rCorr   .            e - +1 pair of gloves
SInv    .            (no boots)
Will    +....        o - amulet of regeneration
Stlth   ++           v - ring of protection from cold
HPRegen 1.14/turn    f - ring of magical power
MPRegen 0.23/turn

%: faith
@: ice-armoured
A: cold resistance 1, negative energy resistance 3, torment resistance 2, heat
vulnerability 1, in touch with death 1, no potions, faith
a: Renounce Religion, Potion Petition, Call Merchant, Bribe Branch


You were on level 10 of the Dungeon.
You worshipped Gozag.
Gozag was pleased with you.
You visited 2 branches of the dungeon, and saw 11 of its levels.
You also visited: Bailey.

You collected 1554 gold pieces.
You spent 871 gold pieces at shops.
You paid 103 gold pieces to Gozag.

Inventory:

Hand Weapons
 r - a +3 trident of venom
 y - a +6 broad axe of flaming (weapon)
Missiles
 a - 3 curare-tipped darts
 n - 2 darts of dispersal
Armour
 c - a +2 cloak (worn)
 e - a +1 pair of gloves (worn)
 g - a +2 helmet (worn)
 A - a +2 leather armour of fire resistance (worn)
Jewellery
 f - a ring of magical power (right hand)
 o - an amulet of regeneration (around neck)
 t - a +4 ring of slaying
 v - a ring of protection from cold (left hand)
 B - the ring of Ashenzari's Favour {rF+ Will+ SInv}
   (You bought it in a shop on level 8 of the Dungeon)

   [ring of protection from fire]

   rF+:       It protects you from fire.
   Will+:     It increases your willpower.
   SInv:      It lets you see invisible.
 F - an amulet of magic regeneration
Wands
 k - a wand of flame (5)
 u - a wand of mindburst (6)
 w - a wand of polymorph (10)
 z - a wand of paralysis (5)
 C - a wand of digging (8)
Scrolls
 b - a scroll of fog
 d - 4 scrolls of poison
 h - 3 scrolls of vulnerability
 i - 6 scrolls of enchant weapon
 j - 3 scrolls of teleportation
 l - 2 scrolls of noise {unknown}
 m - a scroll of torment {unknown}
 p - 2 scrolls of blinking
 q - 2 scrolls of revelation
 s - 2 scrolls of amnesia
 D - a scroll of immolation {unknown}
Miscellaneous
 x - a sack of spiders
 E - a lightning rod (4/4)


   Skills:
 - Level 8.0 Fighting
 - Level 1.5 Dodging
 - Level 1.5 Stealth
 - Level 8.0 Spellcasting
 - Level 12.0 Ice Magic
 + Level 5.0 Evocations


You had 16 spell levels left.
You knew the following spells:

 Your Spells              Type           Power      Damage    Failure   Level
a - Freeze                Ice            100%       1d10      1%          1
b - Frozen Ramparts       Ice            100%       1d16      1%          3
c - Ozocubu's Armour      Ice            50%        N/A       1%          3
d - Summon Ice Beast      Ice/Summ       28%        N/A       3%          3

Your spell library contained the following spells:

 Spells                   Type           Power      Damage    Failure   Level
 Ensorcelled Hibernation  Hex/Ice        56%        N/A       1%          2
 Scorch                   Fire           14%        2d5       19%         2
 Passwall                 Erth           7%         N/A       36%         3
 Swiftness                Air            7%         N/A       36%         3
 Flame Wave               Conj/Fire      7%         2d5       77%         4
 Iskenderun's Battlesphe  Conj           7%         2d6       98%         5
 Bombard                  Conj/Erth      3%         9d1       100%        6
 Summon Cactus Giant      Summ           3%         N/A       100%        6
 Spellforged Servitor     Conj/Summ      3%         N/A       100%        7


Dungeon Overview and Level Annotations

Branches:
Dungeon (10/15)            Temple (1/1) D:6            Lair (0/5) D:8
 Bailey (visited)
    Orc: D:9-12

Altars:
Ashenzari
Cheibriados
Dithmenos
Gozag
Hepliaklqana
Makhleb
Nemelex Xobeh
Okawaru
Qazlal
Ru
Sif Muna
Trog
Uskayaw
Vehumet
Wu Jian
Xom
Yredelemnul

Shops:
D:2 ?   D:4 !   D:8 (=*=

Annotations:
D:3 1 runed translucent door, Essalna's ghost, amateur GrEE
D:4 1 runed translucent door, Crazy Yiuf
D:7 Jeremiah


Innate Abilities, Weirdness & Mutations

You are immune to poison.
Your flesh is cold resistant. (rC+)
You are immune to negative energy. (rN+++)
You are immune to unholy pain and torment.
You are vulnerable to heat. (rF-)
You are in touch with the powers of death.
You do not drink.
You have a special connection with the divine. (Faith)


Message History

The freezing wraith barely misses you. The freezing wraith misses you.
The freezing wraith hits you but does no damage.
The freezing wraith hits you! The freezing wraith freezes you. You resist.
The freezing wraith closely misses you.
You're wearing all the rings you can.
Remove which one? (? for menu, Esc to cancel) < or
B - the ring of Ashenzari's Favour {rF+ Will+ SInv} > or
f - a ring of magical power You remove the ring of Ashenzari's Favour {rF+ Will+ SInv}.
v - a ring of protection from cold (left hand)
The freezing wraith hits you. The freezing wraith freezes you. You resist.
* * * LOW HITPOINT WARNING * * *
The freezing wraith hits you but does no damage.
You hit the freezing wraith but do no damage.
The freezing wraith is heavily damaged.
The freezing wraith hits you but does no damage. x3
The freezing wraith closely misses you. x2
The freezing wraith barely misses you.
Unknown command.
You barely miss the freezing wraith.
The freezing wraith is moderately damaged.
You feel yourself speed up.
The freezing wraith hits you but does no damage.
The freezing wraith closely misses you. x2
The freezing wraith hits you but does no damage.
Unknown command.
You closely miss the freezing wraith.
The freezing wraith is moderately damaged.
The freezing wraith hits you!
* * * LOW HITPOINT WARNING * * *
The freezing wraith freezes you. You resist.
* * * LOW HITPOINT WARNING * * *
The freezing wraith hits you but does no damage.
The freezing wraith hits you!
* * * LOW HITPOINT WARNING * * *
The freezing wraith freezes you. You resist.
* * * LOW HITPOINT WARNING * * *
The freezing wraith hits you!
You die...
Your body crumbles into a pile of gold.

...# ...# #.# ...+
.># ...# #.# ### #
#.# # # #.#.#.#
### #######.#.#.#
..# .........W..#
#.## #.. #@#
#..### #.#######.#
.....###.##......#
..##..##.##.####.#
..###..#.##.####.#
..# ##........##.#
..# #......#.#..#
..# ##.#####.#..#
..# #.# ....


You could see a freezing wraith.

Vanquished Creatures
  Amaemon (D:9)
  Pikel (D:5)
  Maurice (D:8)
  An unseen horror (D:10)
  An orange demon (D:9)
  A komodo dragon (D:8)
  An efreet (D:9)
  A hornet (D:9)
  A slime creature (D:9)
  A shadow (D:8)
  2 wraiths (D:9)
  6 yaks
  3 wyverns
  A steam dragon (D:9)
  13 orc warriors
  2 black bears
  6 centaurs
  A phantom (D:6)
  A kobold brigand (D:8)
  Blork the orc (D:5)
  2 gnoll sergeants
  3 bullfrogs
  3 scorpions
  11 killer bees
  2 electric eels (D:8)
  4 howler monkeys
  3 bombardier beetles
  2 jellies (D:8)
  8 orc priests
  6 hounds
  4 iguanas
  A sleepcap (D:6)
  11 orc wizards
  5 gnolls
  6 adders
  A white imp (D:6)
  4 ribbon worms
  4 dart slugs
  38 orcs
  8 ball pythons
  3 bats
  7 endoplasms
  14 giant cockroaches
  16 goblins
  6 hobgoblins
  5 jackals (D:1)
  4 quokkas
  6 frilled lizards
  10 kobolds
  8 rats
251 creatures vanquished.

Vanquished Creatures (collateral kills)
  A two-headed ogre (D:9)
  An orc knight (Bailey)
  4 orc warriors (Bailey)
  A howler monkey (D:9)
  An orc priest (D:9)
  A sleepcap (D:5)
  A gnoll (D:5)
  A white imp (D:7)
  An orc (D:8)
12 creatures vanquished.

Vanquished Creatures (others)
  An orc (D:9)
1 creature vanquished.

Grand Total: 264 creatures vanquished

Notes
Turn   | Place    | Note
-------+----------+-------------------------------------------
     0 | D:1      | Ajdolov the Mummy Ice Elementalist began the quest for the
                  | Orb.
     0 | D:1      | Reached XP level 1. HP: 13/13 MP: 4/4
   162 | D:1      | Reached XP level 2. HP: 13/19 MP: 0/6
   559 | D:1      | Reached XP level 3. HP: 23/24 MP: 5/8
   563 | D:1      | Learned a level 3 spell: Frozen Ramparts
   567 | D:1      | Learned a level 3 spell: Ozocubu's Armour
  1152 | D:2      | Learned a level 3 spell: Summon Ice Beast
  1157 | D:2      | Found a faded altar of an unknown god.
  1165 | D:2      | Reached skill level 4 in Ice Magic
  1165 | D:2      | Reached XP level 4. HP: 30/30 MP: 7/10
  1852 | D:2      | Found Nanigio's Magic Scroll Shoppe.
  1856 | D:2      | Bought a scroll of identify for 22 gold pieces
  2217 | D:3      | Found a runed translucent door.
  2224 | D:3      | Noticed Essalna's ghost (amateur GrEE)
  2629 | D:3      | Reached XP level 5. HP: 35/35 MP: 8/12
  2808 | D:3      | Reached skill level 5 in Spellcasting
  2968 | D:4      | Noticed a black bear
  2982 | D:4      | Killed a black bear
  3190 | D:4      | Reached XP level 6. HP: 41/41 MP: 3/14
  3278 | D:4      | Reached skill level 5 in Ice Magic
  3306 | D:4      | Found Wahuor's Distillery.
  3444 | D:4      | Found a radiant altar of Vehumet.
  3530 | D:4      | Found a runed translucent door.
  3531 | D:4      | Noticed Crazy Yiuf
  3839 | D:5      | Entered Level 5 of the Dungeon
  3951 | D:5      | Reached XP level 7. HP: 31/46 MP: 14/17
  4038 | D:5      | Noticed Pikel
  4061 | D:5      | Killed Pikel
  4062 | D:5      | Reached skill level 6 in Ice Magic
  4062 | D:5      | Reached XP level 8. HP: 46/52 MP: 20/20
  4275 | D:5      | Reached skill level 7 in Ice Magic
  4352 | D:5      | Noticed Blork the orc
  4362 | D:5      | Killed Blork the orc
  4785 | D:5      | Found a hide-covered altar of Uskayaw.
  4838 | D:6      | Found a staircase to the Ecumenical Temple.
  4864 | Temple   | Entered the Ecumenical Temple
  5082 | D:6      | Found an opulent altar of Gozag.
  5088 | D:6      | Became a worshipper of Gozag Ym Sagoz the Greedy
  5182 | D:6      | Reached skill level 8 in Ice Magic
  5933 | D:6      | Reached skill level 9 in Ice Magic
  5935 | D:6      | Reached XP level 9. HP: 45/57 MP: 21/21
  6086 | D:7      | Noticed Jeremiah
  6631 | D:8      | Reached skill level 10 in Ice Magic
  6681 | D:8      | Found Xipeuc's Weapon Shoppe.
  6756 | D:8      | Noticed Maurice
  6783 | D:8      | Killed Maurice
  6784 | D:8      | Reached skill level 11 in Ice Magic
  6933 | D:8      | Found a flagged portal.
  6948 | Bailey   | Entered a bailey
  7128 | Bailey   | Reached XP level 10. HP: 43/63 MP: 22/22
  7370 | Bailey   | Found a roughly hewn altar of Beogh.
  7370 | Bailey   | Noticed an orc knight
  7538 | Bailey   | Killed an orc knight
  7539 | Bailey   | Reached skill level 12 in Ice Magic
  7539 | Bailey   | Reached skill level 1 in Fighting
  7539 | Bailey   | Reached skill level 1 in Evocations
  7935 | D:8      | Found Funaur's Jewellery Shoppe.
  8010 | D:8      | Found Aiqeot's Alliterative Armaments.
  8279 | D:8      | Found a staircase to the Lair.
  8664 | D:8      | Found Beudaf's Jewellery Shop.
  8669 | D:8      | Bought the ring of Ashenzari's Favour {rF+ Will+ SInv} for
                  | 459 gold pieces
  8848 | D:8      | Bought an amulet of regeneration for 390 gold pieces
  9132 | D:9      | Reached skill level 5 in Fighting
  9396 | D:9      | Reached XP level 11. HP: 77/84 MP: 23/23
 10071 | D:9      | Noticed Amaemon
 10102 | D:9      | Killed Amaemon
 10165 | D:9      | Noticed a two-headed ogre
 10172 | D:9      | Killed a two-headed ogre
 10434 | D:10     | Entered Level 10 of the Dungeon
 10604 | D:10     | Reached skill level 5 in Evocations
 10677 | D:10     | Slain by a freezing wraith

Illustrated notes

Levels and vault maps discovered:
D:1:      minmay_arrival_stair_chambers, layout_loops_ring
D:2:      minmay_roachtagon, layout_loops_corners, shapermc_ecumenical_altar_gd,
          serial_shops, shop, minmay_split_cup_large
D:3:      layout_basic, ebering_ghost_reflecting_pool, minmay_goblin_outpost
D:4:      layout_rooms, nicolae_vehumet_radiance, serial_shops,
          nicolae_shop_industrial_runoff, kennysheep_generic_room_6,
          uniq_crazy_yiuf_cottage
D:5:      layout_cave_pools, jmf_multi_god_temple2, uniq_blork_the_orc,
          uniq_pikel
D:6:      nicolae_BIG_FREAKIN_CUBE, layout_basic, nicolae_gozag_seed_capital,
          minmay_temple_entry_large_hall
D:7:      layout_cave_pools, grunt_temple_overflow_growth_and_decay,
          uniq_jeremiah
D:8:      layout_basic, david_lair_shrubbed, enter_bailey_3, serial_shops, shop,
          kennysheep_little_box, nicolae_shop_waterfront, nicolae_water_bricks,
          monkooky_shop_alliterative, uniq_maurice
D:9:      minmay_the_grid_octo_tiled_squarecenter
          [minmay_the_grid_octo_concentric, minmay_the_grid_octo_thin_diamonds,
          minmay_the_grid_octo_toaster, minmay_the_grid_octo_teeth,
          minmay_the_grid_square_5x5_megaprize_hollow,
          minmay_the_grid_square_5x5_fat_x, minmay_the_grid_square_5x5_minimal,
          minmay_the_grid_square_5x5_misaligned,
          minmay_the_grid_square_5x5_hollow_slash], layout_long_grid,
          serial_bayou_pond_c, uniq_amaemon
D:10:     layout_basic, erik_orc_1, serial_park_tiny_2
Temple:   nicolae_temple_superstar

Skill      XL: |  1  2  3  4  5  6  7  8  9 10 11 |
---------------+----------------------------------+-----
Spellcasting   | 3 4 5 7 8 |  8.0
Ice Magic      | 4 5 6 9 11 12 | 12.0
Fighting       | 7 8 |  8.0
Evocations     | 3 5 |  5.0
Dodging        | |  1.5
Stealth        | |  1.5

Action                     |  1- 3 |  4- 6 |  7- 9 | 10-12 || total
---------------------------+-------+-------+-------+-------++-------
  Melee: Unarmed           |     6 |       |       |       ||     6
         Short sword       |    57 |    99 |       |       ||   156
         Punch             |     1 |       |       |       ||     1
         Trident           |       |       |   133 |    17 ||   150
         Broad axe         |       |       |       |   106 ||   106
  Throw: Dart              |       |       |       |     6 ||     6
   Cast: Freeze            |    42 |    24 |       |     6 ||    72
         Frozen Ramparts   |       |    20 |    41 |    43 ||   104
         Ozocubu's Armour  |       |     5 |    20 |    31 ||    56
         Summon Ice Beast  |       |     2 |    12 |    16 ||    30
  Evoke: Wand              |       |       |       |     1 ||     1
         Sack of spiders   |       |       |       |     1 ||     1
    Use: Scroll            |       |     4 |     2 |     1 ||     7
   Stab: Sleeping          |     1 |     1 |       |     1 ||     3
         Distracted        |       |       |     1 |       ||     1
 Armour: Robe              |    61 |    72 |   155 |    32 ||   320
         Leather armour    |       |       |       |   203 ||   203
  Dodge: Dodged            |    67 |    77 |   116 |   121 ||   381

Table legend: (Time is in decaauts)
 A = Elapsed time spent in this place.
 B = Non-inter-level travel time spent in this place.
 C = Inter-level travel time spent in this place.
 D = Time resting spent in this place.
 E = Time spent auto-exploring this place.
 F = Levels seen in this place.
 G = Mean time per level.
                   A        B        C        D        E       F      G
               +--------+--------+--------+--------+--------+-----+--------+
         Total |  10827 |  10407 |    420 |    532 |   7131 |  12 |  902.2 |
       Dungeon |   9870 |   9450 |    420 |    405 |   6811 |  10 |  987.0 |
        Temple |      1 |      1 |      0 |      0 |      0 |   1 |    1.0 |
        Bailey |    954 |    954 |      0 |    127 |    320 |   1 |  954.0 |
               +--------+--------+--------+--------+--------+-----+--------+

Top non-repeatable levels by time:
     D:9: 1562 daAuts
     D:8: 1336 daAuts
     D:6: 1201 daAuts
     D:2: 1142 daAuts
     D:1: 1019 daAuts
     D:5: 994 daAuts
  Bailey: 954 daAuts
     D:4: 870 daAuts
     D:3: 804 daAuts
     D:7: 685 daAuts
    D:10: 253 daAuts
  Temple: 1 daAuts
